 Dungeon Crawl Stone Soup version 0.17.1-3-g152610e (webtiles) character file.

10286 juanjsm the Covert (level 11, -12/55 HPs)
             Began as a Spriggan Venom Mage on Apr 21, 2016.
             Was a High Priest of Vehumet.
             Killed from afar by a raiju (20 damage)
             ... with a living lightning
             ... on level 1 of the Abyss.
             The game lasted 01:51:20 (12923 turns).

juanjsm the Covert (Spriggan Venom Mage)           Turns: 12923, Time: 01:51:20

Health: -12/55     AC:  6    Str:  4    XL:     11   Next: 34%
Magic:  35/35      EV: 24    Int: 20    God:    Vehumet [*****.]
Gold:   720        SH:  0    Dex: 15    Spells: 8 memorised, 3 levels left

rFire  . . .     SeeInvis +     n - +3 dagger (holy)
rCold  . . .     Clarity  .     a - +0 robe
rNeg   + . .     SustAt   .     (shield restricted)
rPois  .         Gourm    .     t - +2 hat
rElec  .         Spirit   .     g - +1 cloak
rCorr  .         Warding  .     (gloves unavailable)
rMut   .         Stasis   .     (boots unavailable)
MR     +....                    L - amulet of faith
Stlth  ++++++....               p - ring of magical power
                                v - ring of positive energy

@: about to teleport, very quick, somewhat resistant to hostile enchantments,
very stealthy
A: unfitting armour, see invisible, clumsy 1, herbivore 3, speed 3, robust 1,
slow metabolism 2, spit poison 1
a: Spit Poison, Renounce Religion


You were on level 1 of the Abyss.
You worshipped Vehumet.
Vehumet was extremely pleased with you.
You were full.

You visited 3 branches of the dungeon, and saw 14 of its levels.
You visited the Abyss 1 time.

You collected 720 gold pieces.

Inventory:

Hand Weapons
 n - a +3 dagger of holy wrath (weapon)
 y - a +0 hunting sling
 H - the +5 trident of Execution {pierce, rN++ Int-5}
   (You found it on level 8 of the Dungeon)

   It inflicts extra damage upon your enemies.
   It affects your intelligence (-5).
   It greatly protects you from negative energy.
 Y - the +8 whip "Qufumod" {distort, MR+ Int+4 SInv}
   (You found it on level 11 of the Dungeon)

   It warps and distorts space around it.
   Unwielding it can cause banishment or high damage.
   It affects your intelligence (+4).
   It affects your resistance to hostile enchantments.
   It lets you see invisible.
Missiles
 f - 364 stones (quivered)
 G - 16 sling bullets of flame
 I - 32 sling bullets
 K - 13 silver sling bullets
 S - 16 sling bullets of frost
Armour
 a - a +0 robe (worn)
 g - a +1 cloak (worn)
 t - a +2 hat (worn)
 D - a +1 robe of cold resistance
 J - a +0 buckler
Rods
 C - a +1 rod of inaccuracy (10/10)
   (You found it on level 7 of the Dungeon)
Jewellery
 p - a ring of magical power (right hand)
 v - a ring of positive energy (left hand)
 L - an amulet of faith (around neck)
 O - a +2 ring of dexterity
Wands
 h - a wand of draining (5)
 s - a wand of heal wounds (4)
 u - a wand of slowing (15)
 B - a wand of frost (1)
 W - a wand of cold (11)
Scrolls
 e - a scroll of magic mapping
 k - 4 scrolls of recharging
 q - 4 scrolls of immolation
 r - a scroll of fear
 z - 3 scrolls of remove curse
 F - 2 scrolls of amnesia
 Q - 2 scrolls of random uselessness
 V - 2 scrolls of brand weapon {unknown}
Potions
 d - 4 potions of curing
 i - 3 potions of might
 j - 2 potions of agility
 m - 2 potions of brilliance
 o - 3 potions of cure mutation
 P - a potion of lignification
Books
 b - a Young Poisoner's Handbook

   Spells                             Type                      Level
   a - Sting                          Conjuration/Poison           1
   b - Cure Poison                    Poison                       2
   c - Mephitic Cloud                 Conjuration/Poison/Air       3
   d - Olgreb's Toxic Radiance        Poison                       4
   e - Venom Bolt                     Conjuration/Poison           5
 w - a book of Death

   Spells                             Type                      Level
   a - Corpse Rot                     Necromancy                   2
   b - Sublimation of Blood           Necromancy                   2
   c - Agony                          Necromancy                   5
   d - Dispel Undead                  Necromancy                   5
   e - Excruciating Wounds            Charms/Necromancy            5
   f - Bolt of Draining               Conjuration/Necromancy       5
 E - a book of Summonings

   Spells                             Type                      Level
   a - Recall                         Summoning/Translocation      3
   b - Aura of Abjuration             Summoning                    5
   c - Shadow Creatures               Summoning                    5
   d - Summon Demon                   Summoning                    5
   e - Summon Forest                  Summoning/Translocation      5
   f - Summon Mana Viper              Hexes/Summoning              5
 M - a book of Hinderance

   Spells                             Type                      Level
   a - Confusing Touch                Hexes                        2
   b - Confuse                        Hexes                        3
   c - Gell's Gravitas                Hexes/Translocation          3
   d - Petrify                        Transmutation/Earth          4
   e - Metabolic Englaciation         Hexes/Ice                    5
Miscellaneous
 l - a stone of tremors
 A - a plain deck of defence
 R - a crystal ball of energy
 T - a phantom mirror
 U - a box of beasts
Comestibles
 c - 14 bread rations
 N - 12 fruits


   Skills:
 + Level 2.2 Fighting
 + Level 3.1 Short Blades
 * Level 9.9 Dodging
 * Level 11.6 Stealth
 * Level 3.3 Shields
 * Level 10.0 Spellcasting
 * Level 5.1 Conjurations
 + Level 1.6 Air Magic
 + Level 6.9 Poison Magic
 * Level 7.5 Evocations


You had 3 spell levels left.
You knew the following spells:

 Your Spells              Type           Power        Failure   Level  Hunger
a - Sting                 Conj/Pois      ####         1%          1    None
b - Cure Poison           Pois           #####.....   1%          2    None
c - Mephitic Cloud        Conj/Pois/Air  ####....     1%          3    None
d - Olgreb's Toxic Radia  Pois           #####...     1%          4    ##.....
e - Venom Bolt            Conj/Pois      ####......   4%          5    ####...
f - Fireball              Conj/Fire      ###.......   26%         5    ####...
g - Confuse               Hex            ##......     21%         3    None
h - Sticky Flame          Conj/Fire      ###.....     7%          4    ##.....


Dungeon Overview and Level Annotations

Branches:
Dungeon (12/15)            Temple (1/1) D:4            Lair (1/8) D:11
    Orc (0/4) D:11

Altars:
Ashenzari
Cheibriados
Dithmenos
Elyvilon
Fedhas
Gozag
Kikubaaqudgha
Makhleb
Nemelex Xobeh
Okawaru
Qazlal
Ru
Sif Muna
Trog
Vehumet
Xom
Yredelemnul
Zin
The Shining One
Lugonu

Shops:
D:5 (

Annotations:
D:4 Menkaure
D:10 exclusion: obsidian statue, Shotgun's ghost, journeyman DsFi
D:11 Josephine
D:12 ThereIsNoGod's ghost, journeyman MiFi


Innate Abilities, Weirdness & Mutations

You are tiny and cannot use many weapons and most armour.
You have supernaturally acute eyesight.
You are a herbivore.
You cover ground extremely quickly.
You need consume almost no food.
You are clumsy. (Dex -2)
You are robust (+10% HP).
You can spit weak poison.


Message History

Read which item? (? for menu, Esc to quit)
As you read the scroll of teleportation, it crumbles to dust.
You feel strangely unstable.
You feel the power of the Abyss delaying your translocation!
The orb of destruction hits a stone wall.
The raiju barely misses you. The lich touches you! The lich misses you.
A thrashing horror comes into view.
The thrashing horror moves out of view.
The lich points at you and mumbles some strange words.
The bolt of lightning hits you!
Ouch! That really hurt!
* * * LOW HITPOINT WARNING * * *
The bolt of lightning misses you.
The ufetubus hits you but does no damage.
The ufetubus completely misses you.
The raiju bursts into living lightning!
The living lightning hits you!
You die...

... ...## .
#..... ..
#.... ## #.
#....# ..#
..#..... #..#
#....#§##..#
.# #.#§#@.#
.§. #.§h#.## .
. ##.L5X#...#
#. #........#.
.#
.##........#..
#...#.#.#....#
#..###.##.##..
#. ##....#..##
..#.. .#..
#..##


You could see a lich, a large abomination and a raiju.

Vanquished Creatures
  A hydra (D:8)
  A hill giant (D:11)
  A centaur zombie (D:10)
  A fire drake (Lair:1)
  Grinder (D:5)
  Sigmund (D:3)
  19 yaks
  A wraith (D:11)
  A basilisk (D:11)
  Grum (D:8)
  3 hippogriffs (D:8)
  4 wolves (D:8)
  Duvessa (D:4)
  2 black bears
  4 centaurs
  2 water moccasins
  A necrophage (D:7)
  3 orc warriors
  4 sky beasts
  A crocodile (D:8)
  A wasp (D:11)
  4 ogres
  5 big kobolds
  3 giant frogs
  The ghost of juanjsm the Stinger, an amateur SpVM (D:3)
  Dowan (D:4)
  2 scorpions
  A water moccasin skeleton (D:5)
  A jelly (D:9)
  3 crimson imps
  A giant frog zombie (D:5)
  7 orc priests
  3 giant frog skeletons
  An iron imp (D:8)
  A centaur skeleton (D:11)
  7 hounds
  7 iguanas
  3 worker ants
  Terence (D:3)
  7 orc wizards
  A killer bee zombie (D:8)
  2 sheep (D:8)
  A human simulacrum (D:11)
  A worker ant zombie (D:11)
  5 gnolls
  12 adders
  An adder skeleton (D:10)
  3 worms
  The ghost of juanjsm the Stinger, a weakling SpVM (D:7)
  5 giant geckos
  41 orcs
  6 giant cockroaches
  7 goblins
  12 hobgoblins
  4 quokkas
  3 ball pythons
  6 bats
  A giant cockroach zombie (D:6)
  A giant gecko skeleton (D:4)
  A giant gecko zombie (D:7)
  5 giant newts
  8 jackals
  A jackal skeleton (D:6)
  24 kobolds
  8 rats
273 creatures vanquished.

Vanquished Creatures (others)
  2 ogres (D:8)
  A giant frog (D:8)
  2 scorpions (D:8)
  A worker ant (D:8)
  A human simulacrum (D:11)
  An orc (D:8)
  A quokka (D:8)
  A jackal zombie (D:8)
  4 plants
14 creatures vanquished.

Grand Total: 287 creatures vanquished

Notes
Turn   | Place    | Note
--------------------------------------------------------------
     0 | D:1      | juanjsm the Spriggan Venom Mage began the quest for the Orb.
     0 | D:1      | Reached XP level 1. HP: 9/9 MP: 5/5
   173 | D:2      | Reached XP level 2. HP: 13/13 MP: 4/6
   177 | D:2      | Learned a level 2 spell: Cure Poison
   746 | D:1      | Reached XP level 3. HP: 16/16 MP: 5/8
   753 | D:1      | Learned a level 3 spell: Mephitic Cloud
  1671 | D:3      | Noticed Sigmund
  1689 | D:3      | Killed Sigmund
  1689 | D:3      | Reached skill level 1 in Short Blades
  1689 | D:3      | Reached skill level 5 in Stealth
  1689 | D:3      | Reached skill level 5 in Poison Magic
  1689 | D:3      | Reached XP level 4. HP: 16/21 MP: 2/10
  1689 | D:3      | Reached XP level 5. HP: 19/25 MP: 2/11
  1697 | D:3      | Learned a level 4 spell: Olgreb's Toxic Radiance
  1913 | D:4      | Noticed an ogre
  1948 | D:4      | Found a staircase to the Ecumenical Temple.
  1976 | D:4      | Reached skill level 1 in Conjurations
  1976 | D:4      | Reached XP level 6. HP: 29/29 MP: 7/13
  2040 | D:4      | Noticed Dowan
  2040 | D:4      | Noticed a scorpion
  2053 | Temple   | Entered the Ecumenical Temple
  2122 | D:4      | Noticed Duvessa
  2139 | D:4      | Noticed Menkaure
  2221 | D:4      | You fall through a shaft for 2 floors!
  2332 | D:6      | Reached skill level 1 in Fighting
  2332 | D:6      | Reached skill level 6 in Stealth
  2585 | D:7      | Noticed juanjsm's ghost (weakling SpVM)
  2660 | D:5      | Entered Level 5 of the Dungeon
  2673 | D:5      | Noticed Grinder
  2683 | D:5      | Found a sparkling altar of Nemelex Xobeh.
  2697 | D:5      | Noticed a water moccasin
  2708 | D:5      | Found a shadowy altar of Dithmenos.
  2891 | D:4      | Killed an ogre
  2891 | D:4      | Reached XP level 7. HP: 33/33 MP: 9/15
  2898 | D:4      | Learned a level 5 spell: Venom Bolt
  3047 | D:4      | Killed a scorpion
  3047 | D:4      | Reached skill level 1 in Evocations
  3154 | D:4      | Reached skill level 7 in Stealth
  3480 | D:6      | Reached skill level 5 in Spellcasting
  3814 | D:6      | Found an ancient bone altar of Kikubaaqudgha.
  3838 | D:6      | Reached skill level 5 in Dodging
  4263 | D:8      | Reached skill level 8 in Stealth
  4263 | D:8      | Reached XP level 8. HP: 37/37 MP: 14/17
  4350 | D:9      | Noticed a yak
  4359 | D:8      | Got a pitted trident
  4409 | D:8      | Noticed Grum
  4459 | D:8      | Found a snail-covered altar of Cheibriados.
  4960 | D:7      | Found a radiant altar of Vehumet.
  4960 | D:7      | Found a shimmering altar of Xom.
  4960 | D:7      | Found a stormy altar of Qazlal.
  4967 | D:7      | Became a worshipper of Vehumet
  5343 | D:3      | Noticed juanjsm's ghost (amateur SpVM)
  5391 | D:3      | Killed juanjsm's ghost
  5396 | D:3      | Noticed Terence
  5408 | D:3      | Killed Terence
  5636 | D:3      | Found a faded altar to an unknown god.
  5722 | D:3      | Found an opulent altar of Gozag.
  6127 | D:3      | Identified the +5 trident of Execution {pierce, rN++ Int-5} (You found it on level 8 of the Dungeon)
  6149 | D:3      | Gained mutation: You are clumsy. (Dex -2) [potion of mutation]
  6149 | D:3      | Gained mutation: You are robust (+10% HP). [potion of mutation]
  6149 | D:3      | Gained mutation: You can spit weak poison. [potion of mutation]
  6346 | D:4      | Killed Duvessa
  6346 | D:4      | Reached * piety under Vehumet
  6346 | D:4      | Offered knowledge of Magic Dart by Vehumet.
  6346 | D:4      | Reached skill level 9 in Stealth
  6355 | D:4      | Killed Dowan
  6896 | D:5      | Killed a water moccasin
  6896 | D:5      | Reached XP level 9. HP: 38/46 MP: 17/20
  6920 | D:5      | Reached skill level 1 in Shields
  6960 | D:5      | Found Fuevyevo's Antique Weapon Shoppe.
  7054 | D:5      | Killed Grinder
  7631 | D:7      | Killed juanjsm's ghost
  7631 | D:7      | Reached ** piety under Vehumet
  7656 | D:7      | Offered knowledge of Shock by Vehumet.
  7785 | D:8      | Reached skill level 5 in Evocations
  7814 | D:8      | Killed Grum
  7831 | D:8      | Reached skill level 10 in Stealth
  8075 | D:8      | Found a shimmering altar of Xom.
  8082 | D:8      | Found a white marble altar of Elyvilon.
  8250 | D:8      | Noticed a yak
  8265 | D:8      | Killed a yak
  8265 | D:8      | Offered knowledge of Throw Frost by Vehumet.
  8311 | D:8      | Reached XP level 10. HP: 25/50 MP: 23/23
  8542 | D:8      | Noticed a two-headed hydra
  8833 | D:8      | Killed a two-headed hydra
  8833 | D:8      | Reached skill level 1 in Air Magic
  9036 | D:10     | Entered Level 10 of the Dungeon
  9167 | D:9      | Reached *** piety under Vehumet
  9368 | D:9      | Found a glowing silver altar of Zin.
  9493 | D:9      | Killed a yak
  9761 | D:9      | Offered knowledge of Stone Arrow by Vehumet.
 10065 | D:10     | Noticed Shotgun's ghost (journeyman DsFi)
 10121 | D:10     | Noticed an unseen horror
 10476 | D:10     | Noticed an obsidian statue
 10892 | D:12     | Noticed a hill giant
 10894 | D:12     | Noticed ThereIsNoGod's ghost (journeyman MiFi)
 10928 | D:11     | Noticed a hill giant
 10982 | D:11     | Noticed Josephine
 10987 | D:11     | Found a staircase to the Orcish Mines.
 11143 | D:11     | Reached **** piety under Vehumet
 11187 | D:11     | Got a transparent whip
 11255 | D:11     | Reached skill level 11 in Stealth
 11265 | D:11     | Killed a hill giant
 11265 | D:11     | Offered knowledge of Fireball by Vehumet.
 11265 | D:11     | Reached XP level 11. HP: 23/55 MP: 21/25
 11272 | D:11     | Learned a level 5 spell: Fireball
 11288 | D:11     | Found a deep blue altar of Sif Muna.
 12026 | D:11     | Found a staircase to the Lair.
 12106 | D:11     | Reached skill level 5 in Conjurations
 12163 | D:11     | Reached ***** piety under Vehumet
 12290 | Lair:1   | Entered Level 1 of the Lair of Beasts
 12297 | Lair:1   | Offered knowledge of Sticky Flame by Vehumet.
 12297 | Lair:1   | Reached skill level 10 in Spellcasting
 12317 | Lair:1   | Learned a level 3 spell: Confuse
 12322 | Lair:1   | Learned a level 4 spell: Sticky Flame
 12678 | Lair:1   | Identified the +8 whip "Qufumod" {distort, MR+ Int+4 SInv} (You found it on level 11 of the Dungeon)
 12679 | Lair:1   | Cast into the Abyss (a distortion unwield)
 12701 | Abyss:1  | Found a corrupted altar of Lugonu.
 12756 | Abyss:1  | Found a corrupted altar of Lugonu.
 12783 | Abyss:1  | Noticed a tentacled starspawn
 12817 | Abyss:1  | Noticed a Hell Sentinel
 12854 | Abyss:1  | Noticed a wretched star
 12908 | Abyss:1  | Noticed a lich
 12920 | Abyss:1  | Noticed a thrashing horror
 12923 | Abyss:1  | Killed from afar by a raiju

Action                   |  1- 3 |  4- 6 |  7- 9 | 10-12 || total
-------------------------+-------+-------+-------+-------++-------
Melee: Short sword       |    71 |    19 |   156 |       ||   246
       Dagger            |       |       |   207 |   283 ||   490
 Cast: Sting             |    58 |    37 |   157 |   193 ||   445
       Mephitic Cloud    |     3 |     1 |    34 |    50 ||    88
       Cure Poison       |       |       |     6 |     1 ||     7
       Venom Bolt        |       |       |       |    13 ||    13
       Confuse           |       |       |       |     1 ||     1
       Sticky Flame      |       |       |       |     1 ||     1
Evoke: Wand              |       |       |       |    20 ||    20
  Use: Scroll            |       |       |    15 |     3 ||    18
       Potion            |       |       |     9 |     4 ||    13
 Stab: Sleeping          |     6 |     4 |    11 |     5 ||    26
       Confused          |     3 |     1 |    20 |    16 ||    40
       Distracted        |       |       |     1 |       ||     1
  Eat: Pizza             |       |       |     2 |     7 ||     9
       Fruit             |       |       |     6 |       ||     6
